 Dungeon Crawl Stone Soup version 0.29-a0-275-g389c0b56f3 (webtiles) character file.

Game seed: 3099558230765633577

4 testman the Skirmisher (level 1, -2/19 HPs)
             Began as a Ghoul Monk on Mar 9, 2022.
             Slain by a frilled lizard (3 damage)
             ... on level 1 of the Dungeon.
             The game lasted 00:00:12 (98 turns).

testman the Skirmisher (Ghoul Monk)                   Turns: 98, Time: 00:00:13

Health: -2/19      AC:  2    Str: 14    XL:     1   Next: 70%
Magic:  0/0        EV: 12    Int:  5    God:
Gold:   0          SH:  0    Dex: 11    Spells: 0/0 levels left

rFire   . . .      SeeInvis .     - Unarmed
rCold   + . .      Faith    .   (no shield)
rNeg    + + +      Spirit   .   a - +0 robe
rPois   ∞          Reflect  .   (no helmet)
rElec   .          Harm     .   (no cloak)
rCorr   .          Rampage  .   (no gloves)
Will    .....                   (no boots)
Stlth   ++........              (no amulet)
HPRegen 0.00/turn               (no ring)
MPRegen 0.07/turn               (no ring)

@: inhibited regen
A: claws 1, cold resistance 1, negative energy resistance 3, inhibited
regeneration, torment resistance 2
a: no special abilities


You were on level 1 of the Dungeon.
You visited 1 branch of the dungeon, and saw 1 of its levels.

Inventory:

Armour
 a - a +0 robe (worn)
Potions
 b - a potion of ambrosia


   Skills:
 + Level 3.5 Fighting
 - Level 2.6 Dodging
 - Level 2.1 Stealth
 + Level 3.5 Unarmed Combat


You couldn't memorise any spells.
You didn't know any spells.
Your spell library was empty.

Dungeon Overview and Level Annotations

Branches:
Dungeon (1/15)

Altars:


Innate Abilities, Weirdness & Mutations

You thrive by killing the living.
You are immune to poison.
You have sharp fingernails.
Your flesh is cold resistant. (rC+)
You are immune to negative energy. (rN+++)
You do not regenerate when monsters are visible.
You are immune to unholy pain and torment.


Message History

You scratch the dart slug but do no damage.
The dart slug is lightly wounded.
The kobold throws a stone.
The stone hits you. The dart slug closely misses you.
You scratch the dart slug.
The dart slug is heavily wounded.
You claw the dart slug!
You kill the dart slug!
The kobold throws a stone.
The stone closely misses you. The kobold hits you with a +0 whip.
A rat comes into view.
You scratch the kobold but do no damage.
The kobold hits you with a +0 whip.
You scratch the kobold but do no damage.
The kobold hits you but does no damage.
You scratch the kobold.
The kobold is moderately wounded.
The kobold hits you with a +0 whip.
* * * LOW HITPOINT WARNING * * *
The frilled lizard bites you but does no damage.
You are too injured to fight recklessly!
You are too injured to fight recklessly!
You are too injured to fight recklessly!
You are too injured to fight recklessly!
The kobold attacks as you move away! The kobold misses you.
The kobold throws a stone.
The stone misses you. The frilled lizard misses you.
The kobold throws a stone.
The stone barely misses you.
You see here 13 gold pieces.
The kobold throws a stone.
The stone hits you.
* * * LOW HITPOINT WARNING * * *
The frilled lizard attacks as you move away!
The frilled lizard bites you but does no damage.
The frilled lizard bites you.
* * * LOW HITPOINT WARNING * * *
The frilled lizard attacks as you move away!
The frilled lizard bites you but does no damage.
There is an open door here.
The frilled lizard attacks as you move away!
The frilled lizard bites you.
You die...

#..........#.....###
....................
#........$....>>....
......>....#.......#
#..........K........
#..........r.....)..
#.......##..........
........##..l.......
.......#####@####...
......##PP#.#PP##.#
.....##P.P#.#≈≈P##.
...##PP..#.#≈≈≈P##
#PP...#.#≈≈≈≈P#
#P....#.#≈≈≈≈P#
#######.#######
+......<......+
#######.#######


You could see a kobold, a frilled lizard and a rat.

Vanquished Creatures
  A dart slug (D:1)
  2 ball pythons (D:1)
3 creatures vanquished.

Notes
Turn   | Place    | Note
-------+----------+-------------------------------------------
     0 | D:1      | testman the Ghoul Monk began the quest for the Orb.
     0 | D:1      | Reached XP level 1. HP: 19/19 MP: 0/0
    98 | D:1      | Slain by a frilled lizard

Illustrated notes

Levels and vault maps discovered:
D:1:      psy_arrival_terrarium, layout_rooms

Action                   || total
-------------------------++-------
Melee: Unarmed           ||    14
Armor: Robe              ||     6
Dodge: Dodged            ||    11

Table legend: (Time is in decaauts)
 A = Elapsed time spent in this place.
 B = Non-inter-level travel time spent in this place.
 C = Inter-level travel time spent in this place.
 D = Time resting spent in this place.
 E = Time spent auto-exploring this place.
 F = Levels seen in this place.
 G = Mean time per level.
                   A        B        C        D        E       F      G
               +--------+--------+--------+--------+--------+-----+--------+
         Total |     97 |     97 |      0 |      0 |     67 |   1 |   97.0 |
       Dungeon |     97 |     97 |      0 |      0 |     67 |   1 |   97.0 |
               +--------+--------+--------+--------+--------+-----+--------+

Top non-repeatable levels by time:
     D:1: 97 daAuts
